 Dungeon Crawl Stone Soup version 0.23.2-40-g277498a001 (webtiles) character file.

Game seed: 5002990801826145936

98 Emblim88 the Grasshopper (level 4, -2/38 HPs)
             Began as a Gnoll Warper on Aug 19, 2019.
             Slain by a white imp (4 damage)
             ... summoned by Natasha
             ... on level 3 of the Dungeon.
             The game lasted 00:03:32 (2446 turns).

Emblim88 the Grasshopper (Gnoll Warper)             Turns: 2446, Time: 00:03:32

Health: -2/38      AC:  4    Str: 14    XL:     4   Next: 71%
Magic:  11/11      EV: 13    Int: 15    God:
Gold:   91         SH:  0    Dex: 15    Spells: 6/13 levels left

rFire    . . .     SeeInvis .   a - +0 falchion
rCold    . . .     Gourm    .   (no shield)
rNeg     + . .     Faith    .   b - +0 leather armour
rPois    .         Spirit   .   (no helmet)
rElec    .         Reflect  .   (no cloak)
rCorr    .         Harm     +   o - +0 pair of gloves
MR       .....                  (no boots)
Stlth    +.........             m - amulet of harm
HPRegen  0.12/turn              q - ring of positive energy
MPRegen  0.12/turn              (no ring)

@: slowed, heavily drained, very slow
A: distributed training, fangs 1, strong nose
a: no special abilities


You were on level 3 of the Dungeon.
You were not hungry.

You visited 1 branch of the dungeon, and saw 3 of its levels.

You collected 91 gold pieces.

Inventory:

Hand Weapons
 a - a +0 falchion (weapon)
Missiles
 e - 5 tomahawks of dispersal (quivered)
 u - 8 poisoned needles
Armour
 b - a +0 leather armour (worn)
 o - a +0 pair of gloves (worn)
Jewellery
 m - an amulet of harm (around neck)
 q - a ring of positive energy (left hand)
Scrolls
 d - 2 scrolls of blinking
 j - a scroll of noise
 k - 2 scrolls of teleportation
Potions
 c - a potion of heal wounds {unknown}
 i - a potion of brilliance {unknown}
 l - a potion of degeneration {unknown}
 n - 3 potions of lignification {unknown}
 p - a potion of flight {unknown}
 s - a potion of resistance {unknown}
 t - a potion of berserk rage {unknown}
Comestibles
 f - 6 rations


   Skills:
 + Level 4.6(2.9) Fighting
 + Level 1.2(0.0) Short Blades
 + Level 4.6(2.9) Long Blades
 + Level 1.2(0.0) Axes
 + Level 1.2(0.0) Maces & Flails
 + Level 1.2(0.0) Polearms
 + Level 1.2(0.0) Staves
 + Level 1.2(0.0) Slings
 + Level 1.2(0.0) Bows
 + Level 1.2(0.0) Crossbows
 + Level 2.8(1.1) Throwing
 + Level 2.8(1.1) Armour
 + Level 4.6(2.9) Dodging
 + Level 1.2(0.0) Stealth
 + Level 1.2(0.0) Shields
 + Level 1.2(0.0) Unarmed Combat
 + Level 5.1(3.3) Spellcasting
 + Level 1.0(0.0) Conjurations
 + Level 1.0(0.0) Hexes
 + Level 1.0(0.0) Charms
 + Level 1.0(0.0) Summonings
 + Level 1.0(0.0) Necromancy
 + Level 5.5(3.7) Translocations
 + Level 1.0(0.0) Transmutations
 + Level 1.0(0.0) Fire Magic
 + Level 1.0(0.0) Ice Magic
 + Level 1.0(0.0) Air Magic
 + Level 1.0(0.0) Earth Magic
 + Level 1.0(0.0) Poison Magic
 + Level 1.3(0.0) Invocations
 + Level 1.2(0.0) Evocations


You had 6 spell levels left.
You knew the following spells:

 Your Spells              Type           Power        Failure   Level  Hunger
a - Blink                 Tloc           N/A          8%          2    ##.....
b - Shroud of Golubria    Chrm/Tloc      #.........   17%         2    ##.....
c - Teleport Other        Tloc           ##......     16%         3    ###....

Your spell library contained the following spells:

 Spells                   Type           Power        Failure   Level  Hunger
 Gell's Gravitas          Tloc           ##........   16%         3    ###....
 Lesser Beckoning         Tloc           ##........   16%         3    ###....
 Passage of Golubria      Tloc           N/A          45%         4    ####...


Dungeon Overview and Level Annotations

Branches:
Dungeon (3/15)

Altars:

Annotations:
D:3 Natasha


Innate Abilities, Weirdness & Mutations

Your experience applies equally to all skills.
You have very sharp teeth.
Your uncanny sense of smell can sniff out nearby items.


Message History

You miss Natasha. You bite Natasha, but do no damage.
Natasha is severely wounded.
Natasha claws you but does no damage.
Natasha casts a spell.
You miss Natasha. Your bite misses Natasha.
Natasha is severely wounded.
Natasha claws you!
* * * LOW HITPOINT WARNING * * *
You hit Natasha. Your bite misses Natasha.
Natasha is severely wounded.
The white imp hits you.
* * * LOW HITPOINT WARNING * * *
The white imp freezes you.
* * * LOW HITPOINT WARNING * * *
Natasha claws you.
* * * LOW HITPOINT WARNING * * *
The white imp hits you.
* * * LOW HITPOINT WARNING * * *
The white imp freezes you.
You die...

.########
........#
#<# #.#
#.# #@#
#.>..5h#
#.......#
#........
#......>#
...(....#
###...#.#
##.##.#


You could see Natasha and a white imp.

Vanquished Creatures
  3 adders (D:2)
  3 oozes
  A worm (D:2)
  2 leopard geckos (D:1)
  3 orcs (D:2)
  A giant cockroach (D:1)
  5 goblins
  4 hobgoblins
  3 jackals (D:2)
  A ball python (D:2)
  10 bats
  2 frilled lizards (D:2)
  8 kobolds
  6 rats
52 creatures vanquished.

Notes
Turn   | Place    | Note
-------+----------+-------------------------------------------
     0 | D:1      | Emblim88 the Gnoll Warper began the quest for the Orb.
     0 | D:1      | Reached XP level 1. HP: 20/20 MP: 6/6
    86 | D:1      | Reached XP level 2. HP: 15/26 MP: 7/7
   512 | D:1      | Reached XP level 3. HP: 27/31 MP: 9/9
   589 | D:1      | Reached skill level 5 in Spellcasting
   972 | D:2      | Learned a level 2 spell: Blink
  1128 | D:2      | Learned a level 2 spell: Shroud of Golubria
  1132 | D:2      | Learned a level 3 spell: Teleport Other
  1157 | D:2      | Reached skill level 1 in Invocations
  1391 | D:2      | Reached skill level 1 in Short Blades
  1391 | D:2      | Reached skill level 1 in Axes
  1391 | D:2      | Reached skill level 1 in Maces & Flails
  1391 | D:2      | Reached skill level 1 in Polearms
  1391 | D:2      | Reached skill level 1 in Staves
  1391 | D:2      | Reached skill level 1 in Slings
  1391 | D:2      | Reached skill level 1 in Bows
  1391 | D:2      | Reached skill level 1 in Crossbows
  1391 | D:2      | Reached skill level 1 in Stealth
  1391 | D:2      | Reached skill level 1 in Shields
  1391 | D:2      | Reached skill level 1 in Unarmed Combat
  1391 | D:2      | Reached skill level 1 in Evocations
  1524 | D:2      | Reached XP level 4. HP: 37/38 MP: 11/11
  2208 | D:2      | Reached skill level 1 in Conjurations
  2208 | D:2      | Reached skill level 1 in Hexes
  2208 | D:2      | Reached skill level 1 in Charms
  2208 | D:2      | Reached skill level 1 in Summonings
  2208 | D:2      | Reached skill level 1 in Necromancy
  2208 | D:2      | Reached skill level 1 in Transmutations
  2208 | D:2      | Reached skill level 1 in Fire Magic
  2208 | D:2      | Reached skill level 1 in Ice Magic
  2208 | D:2      | Reached skill level 1 in Air Magic
  2208 | D:2      | Reached skill level 1 in Earth Magic
  2208 | D:2      | Reached skill level 1 in Poison Magic
  2436 | D:3      | Noticed Natasha
  2446 | D:3      | Slain by a white imp

Skill      XL: |  1  2  3  4 |
---------------+-------------+-----
Spellcasting   | 5 |  5.1
Invocations    | 1 |  1.3
Short Blades   | 1 |  1.2
Axes           | 1 |  1.2
Maces & Flails | 1 |  1.2
Polearms       | 1 |  1.2
Staves         | 1 |  1.2
Slings         | 1 |  1.2
Bows           | 1 |  1.2
Crossbows      | 1 |  1.2
Stealth        | 1 |  1.2
Shields        | 1 |  1.2
Unarmed Combat | 1 |  1.2
Evocations     | 1 |  1.2
Conjurations   | 1 |  1.0
Hexes          | 1 |  1.0
Charms         | 1 |  1.0
Summonings     | 1 |  1.0
Necromancy     | 1 |  1.0
Transmutations | 1 |  1.0
Fire Magic     | 1 |  1.0
Ice Magic      | 1 |  1.0
Air Magic      | 1 |  1.0
Earth Magic    | 1 |  1.0
Poison Magic   | 1 |  1.0
Fighting       | |  4.6
Long Blades    | |  4.6
Throwing       | |  2.8
Armour         | |  2.8
Dodging        | |  4.6
Translocations | |  5.5

Action                   |  1- 3 |  4- 6 || total
-------------------------+-------+-------++-------
Melee: Falchion          |   110 |    50 ||   160
       Bite              |    11 |     5 ||    16
       Punch             |       |     1 ||     1
  Use: Scroll            |       |     4 ||     4
 Stab: Sleeping          |     2 |     2 ||     4
  Eat: Chunk             |     1 |     2 ||     3
       Ration            |       |     1 ||     1
Armor: Leather armour    |    27 |    10 ||    37
Dodge: Dodged            |    75 |    50 ||   125
       Rpst.: Falchion   |    25 |    17 ||    42
